Map: Arctic Dream LE

Players

Darkblade

  • Race: Protoss Protoss
  • League: Diamond

HyperSova

  • Race: Zerg Zerg
  • League: Master

Night

  • Race: Zerg Zerg

Larry

  • Race: Protoss Protoss
  • League: Master

VOD

Have the link to the VOD?

Description

Time

  • Played on: May 8, 2021, 6:52 p.m.
  • Length: 4:32
Show
View Real Time Build Order
Export as new Build Order

Darkblade Protoss 

Build Orders: Nexus First, Phoenix Opening 

Get SALT Encoding   

  12  0:01  Probe  
  13  0:13  Probe  
  14  0:19  Pylon  
  14  0:25  Probe (Chrono Boost)  
  15  0:38  Probe (Chrono Boost)  
  16  0:47  Probe (Chrono Boost)  
  17  0:52  Probe  
  18  1:01  Nexus  
  18  1:04  Probe  
  18  1:10  Assimilator  
  19  1:14  Assimilator  
  19  1:17  Probe  
  20  1:26  Gateway  
  20  1:34  Pylon  
  20  1:36  Probe  
  21  1:48  Probe  
  22  2:00  Probe (Chrono Boost)  
  23  2:12  Probe (Chrono Boost)  
  23  2:13  Cybernetics Core  
  24  2:18  Pylon  
  24  2:19  Probe (Chrono Boost)  
  24  2:20  Probe (Chrono Boost)  
  26  2:27  Probe (Chrono Boost)  
  26  2:29  Probe (Chrono Boost)  
  28  2:32  Probe (Chrono Boost)  
  29  2:39  Probe  
  29  2:43  Probe  
  31  2:50  Stargate  
  31  2:51  Probe, Stargate  
  32  2:56  Assimilator, Probe  
  33  2:59  Assimilator  
  33  3:04  Probe  
  34  3:08  Probe  
  35  3:15  Pylon  
  35  3:16  Probe  
  36  3:20  Probe  
  37  3:29  Probe  
  37  3:32  Probe  
  37  3:34  Phoenix  
  41  3:36  Phoenix  
  41  3:41  Probe  
  44  3:44  Probe  
  45  3:53  Probe  
  46  3:56  Probe  
  46  4:01  Nexus  
  47  4:04  Pylon  
  51  4:17  Probe  
Show
View Real Time Build Order
Export as new Build Order

HyperSova Zerg 

Build Orders: 3 Hatch before Pool 

Get SALT Encoding   

  12  0:00  Drone  
  13  0:12  Overlord  
  13  0:16  Drone  
  14  0:30  Drone x2  
  14  0:34  Drone  
  17  0:52  Hatchery  
  17  0:55  Drone  
  17  0:59  Drone  
  18  1:21  Hatchery  
  18  1:22  Drone  
  18  1:26  Drone  
  19  1:36  Extractor  
  19  1:39  Spawning Pool  
  17  1:41  Drone  
  17  1:45  Drone  
  19  1:49  Drone  
  20  2:01  Overlord  
  20  2:06  Drone  
  21  2:10  Drone  
  22  2:16  Drone  
  22  2:21  Drone  
  24  2:29  Drone  
  25  2:32  Drone  
  25  2:34  Queen x2  
  25  2:36  Queen  
  30  2:43  Metabolic Boost  
  32  2:45  Drone  
  32  2:48  Drone  
  32  2:49  Drone  
  35  2:52  Drone  
  35  2:54  Drone  
  35  2:56  Drone  
  38  3:01  Drone x2  
  40  3:20  Overlord  
  40  3:21  Overlord  
  40  3:22  Overlord  
  40  3:27  Roach Warren  
  40  3:30  Drone x3  
  40  3:33  Extractor, Drone  
  42  3:39  Drone x3  
  42  3:40  Overlord  
  45  3:47  Drone x5  
  45  3:48  Drone  
  51  3:49  Drone x2  
  51  3:52  Extractor, Drone x2  
  51  3:54  Extractor  
  53  3:57  Evolution Chamber  
  53  3:58  Evolution Chamber  
  53  3:59  Overlord  
  53  4:01  Overlord  
  51  4:07  Overlord  
  51  4:11  Drone  
  51  4:12  Drone  
  51  4:13  Drone  
  51  4:14  Drone x2  
  51  4:15  Drone  
  57  4:19  Drone x3  
Show
View Real Time Build Order
Export as new Build Order

Night Zerg 

Build Orders: Hatch First, Ravager All-In 

Get SALT Encoding   

  12  0:00  Drone  
  13  0:15  Overlord  
  13  0:16  Drone  
  14  0:33  Drone x2  
  16  0:48  Hatchery  
  15  0:51  Drone  
  15  0:55  Drone  
  17  0:58  Drone  
  17  1:03  Extractor  
  17  1:14  Spawning Pool  
  17  1:17  Drone  
  17  1:20  Drone  
  18  1:31  Drone  
  19  1:41  Drone  
  20  1:53  Overlord  
  20  2:02  Queen  
  20  2:04  Queen  
  20  2:05  Metabolic Boost  
  20  2:07  Drone  
  20  2:08  Zergling x2  
  26  2:13  Drone  
  27  2:19  Drone  
  28  2:23  Drone  
  28  2:25  Drone  
  30  2:31  Roach Warren  
  30  2:33  Drone  
  30  2:35  Drone  
  31  2:43  Zergling x2  
  32  2:46  Overlord  
  32  2:53  Overlord  
  32  3:11  Roach  
  32  3:12  Roach x3  
  40  3:14  Roach x3  
  40  3:18  Roach  
  48  3:20  Overlord  
  48  3:27  Roach  
  48  3:30  Overlord x2  
  50  3:40  Zergling x2  
  50  3:41  Zergling x2  
  52  3:42  Ravager x2  
  52  3:43  Ravager x2  
  52  3:46  Zergling x2  
  52  3:47  Zergling x4  
  59  3:56  Ravager  
  59  3:58  Zergling x2  
  59  3:59  Zergling x6  
  59  4:00  Ravager x2  
  66  4:05  Zergling x2  
  66  4:07  Zergling x2  
  68  4:10  Ravager  
  70  4:22  Ravager  
Show
View Real Time Build Order
Export as new Build Order

Larry Protoss 

Build Orders: 1 Gate Expand 

Get SALT Encoding   

  12  0:05  Probe  
  13  0:17  Probe  
  13  0:20  Pylon  
  14  0:31  Probe  
  15  0:43  Probe (Chrono Boost)  
  15  0:45  Gateway  
  15  0:48  Assimilator  
  16  0:54  Probe (Chrono Boost)  
  17  0:59  Probe (Chrono Boost)  
  18  1:11  Probe  
  19  1:21  Nexus  
  19  1:24  Probe  
  20  1:34  Cybernetics Core  
  20  1:37  Probe  
  21  1:43  Assimilator  
  21  1:49  Probe  
  22  1:57  Pylon  
  22  2:01  Probe  
  22  2:08  Warp Gate (Chrono Boost)  
  23  2:15  Probe, Stalker  
  26  2:23  Twilight Council  
  26  2:27  Probe  
  27  2:33  Probe  
  28  2:39  Probe  
  29  2:45  Probe  
  29  2:50  Gateway  
  30  2:51  Probe  
  30  2:53  Charge (Chrono Boost)  
  30  2:55  Gateway  
  31  3:03  Probe  
  32  3:05  Probe  
  33  3:14  Probe  
  33  3:17  Assimilator  
  33  3:18  Probe  
  35  3:22  Probe  
  35  3:26  Pylon  
  36  3:30  Probe x2  
  38  3:41  Probe  
  38  3:42  Probe  
  40  3:50  Zealot x3  
  40  3:53  Pylon, Probe  
  40  3:54  Probe  
  48  4:05  Assimilator  
  48  4:06  Probe  
  49  4:10  Zealot x2  
  49  4:11  Zealot  
  49  4:14  Pylon  
  55  4:18  Probe x2  
Tags
 
Add a new tag
Caveats
  • Supply blocks, unpowered buildings, or Contaminate may cause inaccurate times.
  • Supply counts are checked every 10 seconds.